 Dungeon Crawl Stone Soup version 0.21-a0-632-g1e37ce5 (webtiles) character file.

2312 mortelune the Cleaver (level 9, -10/82 HPs)
             Began as a Deep Dwarf Fighter on Dec 27, 2017.
             Was a Believer of Makhleb.
             Mangled by a two-headed ogre
             ... wielding a +0 giant club
              (13 damage)
             ... on level 7 of the Dungeon.
             The game lasted 00:32:34 (6704 turns).

mortelune the Cleaver (Deep Dwarf Fighter)          Turns: 6704, Time: 00:32:35

Health: -10/82     AC:  9    Str: 27    XL:     9   Next: 18%
Magic:  6/6        EV: 10    Int:  9    God:    Makhleb [**....]
Gold:   395        SH:  0    Dex: 13    Spells: 4/8 levels left

rFire    . . .     SeeInvis .   C - +0 war axe
rCold    . . .     Gourm    .   (no shield)
rNeg     . . .     Faith    .   j - +3 ring mail
rPois    .         Spirit   .   (no helmet)
rElec    .         Reflect  .   (no cloak)
rCorr    .         Harm     .   (no gloves)
MR       +....                  (no boots)
Stlth    +.........             (no amulet)
HPRegen  0.00/turn              (no ring)
MPRegen  0.10/turn              (no ring)

@: mighty, non-regenerating
A: damage resistance, heal wounds, sense surroundings 2, no regeneration
a: Heal Wounds, Minor Destruction, Renounce Religion


You were on level 7 of the Dungeon.
You worshipped Makhleb.
Makhleb was pleased with you.
You were not hungry.

You visited 2 branches of the dungeon, and saw 8 of its levels.

You collected 395 gold pieces.

Inventory:

Hand Weapons
 a - a +0 war axe
 b - a +0 hand crossbow
 k - a +0 hunting sling
 y - a +0 flail
 C - a +0 war axe (weapon)
 E - the +1 quarterstaff "Kukaq" {venom, rC+ Stlth+}
   (You found it on level 7 of the Dungeon)

   It poisons the flesh of those it strikes.
   It protects you from cold.
   It makes you more stealthy.
Missiles
 q - 87 stones
 s - 14 sling bullets (quivered)
 D - 71 bolts
Armour
 c - a +1 shield
 j - a +3 ring mail (worn)
 l - a +0 plate armour
 o - a +0 scale mail
 p - a +1 chain mail of cold resistance
 F - a +0 ring mail of magic resistance
Jewellery
 w - an uncursed amulet of harm {unknown}
Wands
 v - a wand of flame (25)
Scrolls
 e - a scroll of fear
 g - a scroll of blinking {unknown}
 h - a scroll of random uselessness
 i - 5 scrolls of remove curse
 r - 2 scrolls of immolation {unknown}
 t - 2 scrolls of magic mapping
 x - a scroll of enchant armour
 B - a scroll of noise {unknown}
Potions
 n - a potion of curing
 u - 2 potions of flight
 z - 2 potions of brilliance {unknown}
Books
 A - a book of Necromancy

   Spells                             Type                      Level
   a - Pain                           Necromancy                   1
   b - Animate Skeleton               Necromancy                   1
   c - Vampiric Draining              Necromancy                   3
   d - Regeneration                   Charms/Necromancy            3
   e - Animate Dead                   Necromancy                   4
   f - Borgnjor's Vile Clutch         Necromancy/Earth             5
Comestibles
 f - 7 rations


   Skills:
 + Level 5.8 Fighting
 * Level 9.0 Axes
 + Level 6.9 Armour
 - Level 4.8 Shields
 + Level 3.9 Necromancy


You had 4 spell levels left.
You knew the following spells:

 Your Spells              Type           Power        Failure   Level  Hunger
a - Vampiric Draining     Necr           #.........   34%         3    ####...
b - Animate Skeleton      Necr           N/A          12%         1    ##.....


Dungeon Overview and Level Annotations

Branches:
Dungeon (7/15)             Temple (1/1) D:4

Altars:
Ashenzari
Dithmenos
Elyvilon
Fedhas
Gozag
Hepliaklqana
Kikubaaqudgha
Makhleb
Nemelex Xobeh
Okawaru
Qazlal
Ru
Sif Muna
Uskayaw
Vehumet
Wu Jian
Xom
Yredelemnul
Zin

Annotations:
D:6 Sigmund


Innate Abilities, Weirdness & Mutations

You are resistant to damage.
You can heal yourself by infusing magical energy.
You passively map the area around you.
You do not regenerate.


Message History

You feel very mighty all of a sudden.
The two-headed ogre hits you with a giant club.
The two-headed ogre hits you but does no damage.
You slash the two-headed ogre!
The two-headed ogre is moderately wounded.
The two-headed ogre closely misses you.
The two-headed ogre hits you but does no damage.
You slash the two-headed ogre!
The two-headed ogre is heavily wounded.
You slash the two-headed ogre!
The two-headed ogre is almost dead.
The two-headed ogre hits you with a giant club!!
* * * LOW HITPOINT WARNING * * *
The two-headed ogre completely misses you.
You closely miss the two-headed ogre.
The two-headed ogre is almost dead.
The two-headed ogre hits you with a giant club!!
* * * LOW HITPOINT WARNING * * *
The two-headed ogre hits you with a dire flail!
You die...

* , #.)## , #... #..## *
*#.., , #.... , , +.., ,
#.... , * #.., * #.... *
#.#* * #.... * * , #.#
##'## *
.######.#############.##
, ,,
.'.....@...........>#.##
**
,.##....O.####.#####.#.##
#......# #..# #.#.## *
#.....(# ##.# #.#.##
#......# .# #..... ###
#.###### ## ###### ..#
#.* #.... ..# ######
#.#.# ..# #....# **
####.#.#


You could see a two-headed ogre.

Vanquished Creatures
  The ghost of Dustman the Conjurer, a novice BaWz of Vehumet (D:7)
  Grinder (D:5)
  2 ice beasts (D:7)
  A black bear (D:6)
  A phantom (D:5)
  3 ogres
  5 bullfrogs
  A bullfrog zombie (D:5)
  3 crimson imps
  2 centaur zombies
  2 centaur skeletons
  An orc priest (D:5)
  2 hounds (D:6)
  2 orc wizards
  2 bullfrog skeletons
  4 iguanas
  Ijyb (D:3)
  3 worker ants (D:5)
  A hound zombie (D:7)
  A howler monkey zombie (D:5)
  7 gnolls
  7 adders
  2 worms (D:2)
  A dart slug (D:2)
  4 leopard geckos
  14 orcs
  4 bats
  2 giant cockroaches (D:2)
  8 goblins
  8 hobgoblins
  9 jackals
  3 quokkas
  2 ball pythons
  5 frilled lizards
  A jackal skeleton (D:6)
  6 kobolds
  A leopard gecko zombie (D:5)
  4 rats
127 creatures vanquished.

Notes
Turn   | Place    | Note
-------+----------+-------------------------------------------
     0 | D:1      | mortelune the Deep Dwarf Fighter began the quest for the Orb.
     0 | D:1      | Reached XP level 1. HP: 20/20 MP: 1/1
   503 | D:1      | Reached XP level 2. HP: 22/27 MP: 2/2
   830 | D:2      | Reached skill level 3 in Axes
   912 | D:2      | Reached XP level 3. HP: 27/34 MP: 3/3
  1058 | D:2      | Reached XP level 4. HP: 27/42 MP: 3/3
  1275 | D:2      | Reached skill level 4 in Axes
  1907 | D:3      | Found an ornate altar of the Wu Jian Council.
  1915 | D:3      | Found a stormy altar of Qazlal.
  1926 | D:3      | Noticed Ijyb
  1942 | D:3      | Killed Ijyb
  2270 | D:3      | Reached XP level 5. HP: 23/49 MP: 4/4
  2459 | D:4      | Found a glowing silver altar of Zin.
  2536 | D:4      | Found a shadowy altar of Dithmenos.
  2543 | D:4      | Noticed an ogre
  2560 | D:4      | Killed an ogre
  2560 | D:4      | Reached skill level 5 in Axes
  2560 | D:4      | Reached XP level 6. HP: 41/57 MP: 5/5
  3128 | D:4      | Found a staircase to the Ecumenical Temple.
  3241 | D:5      | Entered Level 5 of the Dungeon
  3332 | D:5      | Found a hide-covered altar of Uskayaw.
  3394 | Temple   | Entered the Ecumenical Temple
  3586 | Temple   | Became a worshipper of Makhleb the Destroyer
  3916 | D:5      | Reached skill level 5 in Armour
  3994 | D:5      | Reached XP level 7. HP: 29/64 MP: 6/6
  4067 | D:5      | Reached skill level 6 in Axes
  4360 | D:5      | Noticed Grinder
  4372 | D:5      | Killed Grinder
  4509 | D:5      | Learned a level 3 spell: Vampiric Draining
  4758 | D:6      | Reached skill level 7 in Axes
  4758 | D:6      | Reached skill level 1 in Necromancy
  4758 | D:6      | Reached XP level 8. HP: 24/73 MP: 7/7
  4842 | D:6      | Reached * piety under Makhleb
  4888 | D:6      | Noticed Sigmund
  5416 | D:6      | Reached skill level 5 in Fighting
  5706 | D:6      | Reached skill level 8 in Axes
  6040 | D:7      | HP: 3/74 [ogre/giant club (14)]
  6047 | D:7      | HP: 2/74 [ogre/giant club (26)]
  6264 | D:7      | Noticed Dustman's ghost (novice BaWz)
  6283 | D:7      | Killed Dustman's ghost
  6283 | D:7      | Gained mutation: You passively map the area around you. [Deep Dwarf growth]
  6283 | D:7      | Reached XP level 9. HP: 45/82 MP: 6/6
  6321 | D:7      | Learned a level 1 spell: Animate Skeleton
  6330 | D:7      | Noticed a two-headed ogre
  6460 | D:7      | Reached ** piety under Makhleb
  6521 | D:7      | Got a transparent quarterstaff
  6527 | D:7      | Identified the +1 quarterstaff "Kukaq" {venom, rC+ Stlth+} (You found it on level 7 of the Dungeon)
  6650 | D:7      | Reached skill level 9 in Axes
  6704 | D:7      | HP: 3/82 [two-headed ogre/giant club (14)]
  6704 | D:7      | Mangled by a two-headed ogre

Vault maps used:
D:1:      dpeg_arrival_windows_large_door, serial_glass, glass_columns_b,
          glass_columns_a, glass_columns_a, glass_columns_a
D:2:      dk_noncrumbling_2, serial_bayou_crossing
D:3:      grunt_qazlal_clouds, lemuel_doored_altar, minmay_misc_feat_columns,
          uniq_ijyb
D:4:      nicolae_overflow_crystal_walls, nicolae_dithmenos_shadow_blocks,
          minmay_temple_entry_from_below_a
D:5:      corexii_shack_village, nicolae_overflow_hidden_temple, first_ration,
          uniq_grinder
D:6:      uniq_sigmund
D:7:      uniq_crazy_yiuf_cottage
Temple:   dpeg_chambers_temple

Skill      XL: |  1  2  3  4  5  6  7  8  9 |
---------------+----------------------------+-----
Axes           | 3 4 5 7 8 9 |  9.0
Fighting       | 3 4 5 |  5.8
Armour         | 4 5 6 |  6.9
Shields        | 4 |  4.8
Necromancy     | 1 3 |  3.9

Action                   |  1- 3 |  4- 6 |  7- 9 || total
-------------------------+-------+-------+-------++-------
Melee: War axe           |    75 |   131 |   212 ||   418
 Fire: Hunting sling     |    15 |    80 |    41 ||   136
       Hand crossbow     |       |       |    33 ||    33
Throw: Stone             |     1 |     6 |       ||     7
 Abil: Heal Wounds       |     2 |     2 |     9 ||    13
  Use: Scroll            |     1 |     8 |     4 ||    13
       Potion            |       |     2 |     4 ||     6
  Eat: Chunk             |     1 |     6 |     5 ||    12
       Ration            |       |     1 |     1 ||     2
Armor: Scale mail        |    20 |       |       ||    20
       Ring mail         |    35 |    54 |    71 ||   160
Dodge: Dodged            |    19 |    59 |    60 ||   138
Block: Shield            |    50 |    72 |   106 ||   228

Table legend:
 A = Spawn XP
 B = Non-spawn XP
 C = Spawn XP percentage of total XP
 D = Spawn monster count
 E = Non-spawn monster count
 F = Spawn count percentage of total count
 G = Total turns spent on level
                    A         B        C        D         E        F      G
               +---------+---------+-------+---------+---------+-------+---------
         Total |       0 |    3303 |   0.0 |       0 |     127 |   0.0 |  6704
               +---------+---------+-------+---------+---------+-------+---------
           D:1 |       0 |      14 |   0.0 |       0 |       9 |   0.0 |   706
           D:2 |       0 |     120 |   0.0 |       0 |      30 |   0.0 |   983
           D:3 |       0 |      84 |   0.0 |       0 |      13 |   0.0 |   857
           D:4 |       0 |     209 |   0.0 |       0 |       7 |   0.0 |   889
           D:5 |       0 |     995 |   0.0 |       0 |      29 |   0.0 |  1250
           D:6 |       0 |     839 |   0.0 |       0 |      18 |   0.0 |  1027
           D:7 |       0 |    1042 |   0.0 |       0 |      21 |   0.0 |   778
               +---------+---------+-------+---------+---------+-------+---------
